 Dungeon Crawl Stone Soup version 0.22.0-13-g43fe8f24b8 (webtiles) character file.

1260 Htamos the Gusty (level 8, 36/36 HPs)
             Began as a Felid Air Elementalist on Aug 16, 2018.
             Was a Believer of Sif Muna.
             Quit the game on level 8 of the Dungeon.
             The game lasted 00:17:52 (10436 turns).

Htamos the Gusty (Felid Air Elementalist)          Turns: 10436, Time: 00:17:52

Health: 36/36      AC:  2    Str:  4    XL:     8   Next: 27%
Magic:  15/15      EV: 19    Int: 20    God:    Sif Muna [**....]
Gold:   182        SH:  0    Dex: 16    Spells: 6/15 levels left
                                        Lives:  1   Deaths: 1

rFire    . . .     SeeInvis +   (weapon unavailable)
rCold    . . .     Gourm    .   (shield unavailable)
rNeg     . . .     Faith    .   (armour unavailable)
rPois    .         Spirit   .   (helmet unavailable)
rElec    .         Reflect  .   (cloak unavailable)
rCorr    +         Harm     .   (gloves unavailable)
MR       +....                  (boots unavailable)
Stlth    ++........             (no amulet)
HPRegen  0.12/turn              d - ring of attention (curse)
MPRegen  0.14/turn              a - ring of resist corrosion

@: quick
A: very small, no armour, no weapons or thrown items, stealth, claws 1, fangs 3,
see invisible, carnivore, speed 1, shaggy fur 2, slow metabolism 1, sharp paws
a: Divine Energy, Renounce Religion


You were on level 8 of the Dungeon.
You worshipped Sif Muna.
Sif Muna was pleased with you.
You were not hungry.

You visited 2 branches of the dungeon, and saw 9 of its levels.

You collected 476 gold pieces.
You spent 294 gold pieces at shops.

Inventory:

Missiles
 c - 224 stones
Jewellery
 a - a ring of resist corrosion (right paw)
 d - a cursed ring of attention (left paw)
 i - a cursed ring of attention
 p - an uncursed amulet of regeneration
Wands
 n - a wand of acid (5)
 t - a wand of disintegration (9)
 v - a wand of iceblast (7)
 y - a wand of scattershot (4)
 D - a wand of digging (6)
Scrolls
 e - 2 scrolls of amnesia
 j - 2 scrolls of remove curse
 k - 2 scrolls of blinking {unknown}
 l - a scroll of immolation {unknown}
 m - 2 scrolls of teleportation
 u - a scroll of enchant weapon {unknown}
 w - a scroll of random uselessness {unknown}
 C - 2 scrolls of identify
Potions
 f - a potion of brilliance
 g - a potion of degeneration
 h - 6 potions of curing
 o - 2 potions of flight {unknown}
 q - 2 potions of ambrosia {unknown}
 r - 2 potions of heal wounds
 s - a potion of might
 x - a potion of lignification
 z - a potion of mutation {unknown}
 A - a potion of cancellation {unknown}
Comestibles
 b - 8 rations


   Skills:
 + Level 4.5 Fighting
 + Level 4.0 Dodging
 - Level 2.6 Stealth
 + Level 4.4 Spellcasting
 + Level 5.7 Conjurations
 * Level 4.7 Summonings
 * Level 6.8 Air Magic


You had 6 spell levels left.
You knew the following spells:

 Your Spells              Type           Power        Failure   Level  Hunger
a - Shock                 Conj/Air       ####         1%          1    None
b - Summon Lightning Spi  Summ/Air       ####....     12%         4    ####...
c - Airstrike             Air            ####......   8%          4    ####...

Your spell library contained the following spells:

 Spells                   Type           Power        Failure   Level  Hunger
 Lightning Bolt           Conj/Air       ####......   26%         5    ######.
 Summon Small Mammal      Summ           ###.         1%          1    None
 Summon Ice Beast         Ice/Summ       ##......     43%         4    ####...
 Call Imp                 Summ           ###.....     2%          2    #......
 Swiftness                Chrm/Air       ###.....     4%          2    #......
 Call Canine Familiar     Summ           ###.....     5%          3    ###....
 Static Discharge         Conj/Air       ####....     2%          3    ###....
 Summon Guardian Golem    Hex/Summ       ##......     14%         3    ###....


Dungeon Overview and Level Annotations

Branches:
Dungeon (8/15)             Temple (1/1) D:4
   Lair: D:8-11

Altars:
Cheibriados
Dithmenos
Elyvilon
Fedhas
Gozag
Hepliaklqana
Kikubaaqudgha
Makhleb
Nemelex Xobeh
Okawaru
Qazlal
Ru
Sif Muna
Trog
Uskayaw
Vehumet
Wu Jian
Xom
Yredelemnul
Zin
The Shining One

Shops:
D:6 !

Annotations:
D:8 2 runed doors, sour's ghost, novice MiBe


Innate Abilities, Weirdness & Mutations

You cannot wear armour.
You are incapable of wielding weapons or throwing items.
Your paws allow you to move quietly. (Stealth)
You have sharp claws.
You have razor-sharp teeth.
You have supernaturally acute eyesight. (SInv)
You are carnivorous and can eat meat at any time.
You cover ground quickly.
You are covered in thick fur. (AC +2)
You have a slow metabolism.
Your sharp claws are effective at attacking unaware monsters.


Message History

As you read the scroll of teleportation, it crumbles to dust.
You feel strangely unstable. The orc priest misses you. The orc misses you.
The orc hits you with a dagger of venom.
You are poisoned.
The ice beast closely misses you.
You feel sick.
The big kobold shouts!
You hear a loud, deep croak!
You open the door.
You feel sick. The ice beast closely misses you. The kobold misses you.
You feel sick.
The hound barks!
The ice beast hits you.
* * * LOW HITPOINT WARNING * * *
The ice beast freezes you!
You die...
You are now level 8!
You rejoin the land of the living...
Found 16 stones.
Unknown command.
Are you sure you want to abandon this character and quit the game? (Confirm with "yes".)

#############
#...........####
#########...............
................@..(.#
........................
#########...............
........................
######.#.###########....
# #(#..######## ....
######............ ###
..................
##########c#####.#


There were no monsters in sight!

Vanquished Creatures
  Sigmund (D:2)
  A wyvern (D:8)
  Eustachio (D:6)
  Duvessa (D:6)
  An orc warrior (D:5)
  An ice beast (D:7)
  A black bear (D:8)
  3 ogres
  2 bullfrogs (D:7)
  A scorpion (D:3)
  Dowan (D:6)
  3 howler monkeys (D:8)
  5 wights (D:7)
  2 bullfrog zombies (D:5)
  2 crimson imps
  A centaur zombie (D:5)
  3 hounds
  3 orc priests
  4 orc wizards
  An iguana (D:7)
  A worker ant (D:7)
  A hound skeleton (D:5)
  10 gnolls
  A howler monkey skeleton (D:6)
  8 adders
  3 shadow imps
  An adder zombie (D:6)
  2 worms (D:2)
  6 dart slugs
  5 leopard geckos
  12 orcs
  A ball python (D:4)
  7 bats
  12 giant cockroaches
  9 goblins
  4 hobgoblins
  23 jackals
  9 kobolds
  2 quokkas
  2 frilled lizards
  A leopard gecko skeleton (D:6)
  5 rats
163 creatures vanquished.

Vanquished Creatures (collateral kills)
  An iguana (D:7)
1 creature vanquished.

Grand Total: 164 creatures vanquished

Notes
Turn   | Place    | Note
-------+----------+-------------------------------------------
     0 | D:1      | Htamos the Felid Air Elementalist began the quest for the Orb.
     0 | D:1      | Reached XP level 1. HP: 7/7 MP: 4/4
    25 | D:1      | Reached skill level 1 in Conjurations
   308 | D:1      | Reached XP level 2. HP: 12/12 MP: 4/6
   351 | D:1      | Reached skill level 3 in Air Magic
   741 | D:1      | Reached skill level 1 in Fighting
   793 | D:1      | Reached XP level 3. HP: 15/15 MP: 5/7
  1958 | D:2      | Reached XP level 4. HP: 19/19 MP: 1/8
  2538 | D:2      | You fall through a shaft for 2 floors!
  2652 | D:3      | Learned a level 4 spell: Summon Lightning Spire
  3171 | D:3      | Reached XP level 5. HP: 22/22 MP: 7/9
  3306 | D:3      | Reached skill level 4 in Air Magic
  3343 | D:3      | Reached skill level 1 in Summonings
  3735 | D:2      | Noticed Sigmund
  3772 | D:2      | Killed Sigmund
  3772 | D:2      | Gained mutation: You are covered in thick fur. (AC +2) [Felid growth]
  3772 | D:2      | Reached XP level 6. HP: 27/27 MP: 2/10
  4569 | D:4      | Found a staircase to the Ecumenical Temple.
  5125 | D:4      | Reached XP level 7. HP: 30/30 MP: 5/12
  5596 | Temple   | Entered the Ecumenical Temple
  5634 | Temple   | Became a worshipper of Sif Muna the Loreminder
  5656 | D:5      | Entered Level 5 of the Dungeon
  6140 | D:5      | Reached skill level 5 in Air Magic
  6848 | D:6      | Found Yteyde's Distillery.
  6854 | D:6      | Bought a potion of heal wounds for 70 gold pieces
  6854 | D:6      | Bought a potion of curing for 42 gold pieces
  6854 | D:6      | Bought a potion of curing for 42 gold pieces
  6854 | D:6      | Bought a potion of curing for 42 gold pieces
  6854 | D:6      | Bought a potion of curing for 42 gold pieces
  6854 | D:6      | Bought a potion of might for 56 gold pieces
  7301 | D:6      | Reached XP level 8. HP: 34/34 MP: 7/14
  7546 | D:6      | Reached * piety under Sif Muna
  7669 | D:6      | Noticed Duvessa
  7671 | D:6      | Noticed Dowan
  7718 | D:6      | Killed Dowan
  8325 | D:6      | Killed Duvessa
  8325 | D:6      | Reached skill level 5 in Conjurations
  8448 | D:6      | Noticed Eustachio
  8451 | D:6      | Killed Eustachio
  8451 | D:6      | Reached skill level 6 in Air Magic
  8518 | D:6      | Learned a level 4 spell: Airstrike
  9268 | D:7      | Reached ** piety under Sif Muna
  9369 | D:7      | Reached XP level 9. HP: 39/39 MP: 9/16
  9871 | D:8      | Found a large runed door.
  9872 | D:8      | Found a large runed door.
  9874 | D:8      | Noticed sour's ghost (novice MiBe)
 10435 | D:8      | Slain by an ice beast
 10436 | D:8      | Reached XP level 8. HP: 0/36 MP: 15/15
 10436 | D:8      | Quit the game

Skill      XL: |  1  2  3  4  5  6  7  8  9 |
---------------+----------------------------+-----
Conjurations   | 1 2 3 4 5 |  5.7
Air Magic      | 3 4 5 6 |  6.8
Fighting       | 1 2 3 4 |  4.5
Summonings     | 1 2 4 |  4.7
Spellcasting   | 3 4 |  4.4
Dodging        | 3 4 |  4.0
Stealth        | |  2.6

Action                   |  1- 3 |  4- 6 |  7- 9 || total
-------------------------+-------+-------+-------++-------
Melee: Unarmed           |     8 |    16 |     3 ||    27
       Bite              |       |     1 |       ||     1
 Cast: Shock             |    94 |   158 |   270 ||   522
       Summon Lightning  |       |       |     1 ||     1
       Airstrike         |       |       |     1 ||     1
Evoke: Wand              |       |       |     9 ||     9
  Use: Potion            |     1 |     3 |     2 ||     6
       Scroll            |       |       |    10 ||    10
  Eat: Chunk             |    11 |     7 |    10 ||    28
Armor: Skin              |     1 |     7 |     5 ||    13
Dodge: Dodged            |    26 |    60 |    62 ||   148
